 Dungeon Crawl Stone Soup version 0.30.1-1-g62c8e00024 (webtiles) character file.

Game seed: 3199492148019545819

889 Cheops the Basher (level 7, -4/57 HPs)
             Began as a Minotaur Fighter on July 14, 2023.
             Slain by Maggie
             ... wielding a +3 broad axe of venom
              (9 damage)
             ... on level 6 of the Dungeon.
             The game lasted 00:10:39 (4457 turns).

Cheops the Basher (Minotaur Fighter)                Turns: 4457, Time: 00:10:39

Health: -4/57      AC:  9    Str: 23    XL:     7   Next: 77%
Magic:  0/6        EV: 10    Int:  5    God:
Gold:   298        SH:  4    Dex:  9    Spells: 6/6 levels left

rFire   . . .        a - +0 flail
rCold   . . .        c - +0 buckler
rNeg    . . .        n - +1 ring mail {rPois}
rPois   +            (helmet restricted)
rElec   .            (no cloak)
rCorr   .            u - +0 pair of gloves
SInv    +            v - +0 pair of boots
Will    .....        B - amulet of guardian spirit Stlth
                     k - ring of see invisible
HPRegen 0.29/turn    (no ring)
MPRegen 0.10/turn

%: guardian spirit
@: lethally poisoned (-4 -> -20), mesmerised
A: horns 2, retaliatory headbutt
a: no special abilities


You were on level 6 of the Dungeon.
You visited 2 branches of the dungeon, and saw 7 of its levels.

You collected 298 gold pieces.

Inventory:

Hand Weapons
 a - a +0 flail (weapon)
 b - a +1 war axe of electrocution
Missiles
 y - a throwing net (quivered)
Armour
 c - a +0 buckler (worn)
 n - a +1 ring mail of poison resistance (worn)
 u - a +0 pair of gloves (worn)
 v - a +0 pair of boots (worn)
 w - a +0 plate armour
Jewellery
 k - a ring of see invisible (left hand)
 B - an amulet of guardian spirit (around neck)
Wands
 l - a wand of paralysis (8)
Scrolls
 e - a scroll of fog {unknown}
 f - 2 scrolls of enchant weapon {unknown}
 h - a scroll of immolation {unknown}
 i - 3 scrolls of vulnerability {unknown}
 j - a scroll of blinking
 m - a scroll of fear
 o - 4 scrolls of teleportation
 r - a scroll of poison
 x - a scroll of summoning
 C - a scroll of enchant armour {unknown}
Potions
 d - a potion of might
 g - 3 potions of curing {unknown}
 p - a potion of cancellation {unknown}
 q - a potion of mutation {unknown}
 s - a potion of resistance {unknown}
 t - a potion of lignification {unknown}
 z - a potion of invisibility {unknown}
 A - a potion of heal wounds {unknown}


   Skills:
 - Level 3.6 Fighting
 + Level 10.9 Maces & Flails
 - Level 3.6 Armour
 - Level 3.6 Shields


You had 6 spell levels left.
You didn't know any spells.
Your spell library contained the following spells:

 Spells                   Type           Power      Damage    Failure   Level
 Magic Dart               Conj           0%         1d3       69%         1
 Call Imp                 Summ           0%         N/A       83%         2
 Mephitic Cloud           Conj/Pois/Air  0%         N/A       96%         3


Dungeon Overview and Level Annotations

Branches:
Dungeon (6/15)             Temple (1/1) D:5

Altars:
Cheibriados
Elyvilon
Fedhas
Nemelex Xobeh
Okawaru
Sif Muna
Uskayaw
Vehumet
Wu Jian
Xom
Yredelemnul
Zin
Lugonu

Shops:
D:3 :

Annotations:
D:2 fire gold
D:6 Maggie


Innate Abilities, Weirdness & Mutations

You have a pair of horns on your head.
You reflexively headbutt those who attack you in melee.


Message History

Maggie attempts to bespell you!
You are mesmerised by Maggie!
Maggie hits you with a +3 broad axe of venom.
You are poisoned.
You hit Maggie but do no damage.
You feel very sick.
Maggie hits you with a +3 broad axe of venom.
You are more poisoned.
You barely miss Maggie. Your headbutt misses Maggie.
You feel very sick.
Maggie says, "Did Master Lance send you?"
Maggie hits you with a +3 broad axe of venom!
You are more poisoned.
You are too injured to fight recklessly!
You are too injured to fight recklessly!
You are too injured to fight recklessly!
You are too injured to fight recklessly!
You are too injured to fight recklessly!
You are too injured to fight recklessly!
You are too injured to fight recklessly!
You are too injured to fight recklessly!
You are too injured to fight recklessly!
You are too injured to fight recklessly!
You are too injured to fight recklessly!
You are too injured to fight recklessly!
You hit Maggie but do no damage.
You feel very sick.
Maggie hits you with a +3 broad axe of venom!
* * * LOW HITPOINT WARNING * * *
You barely miss Maggie.
You feel very sick. Maggie casts a spell at you. The bolt of fire hits you!!
* * * LOW HITPOINT WARNING * * *
You hit Maggie.
Maggie is lightly wounded.
* * * LOW HITPOINT WARNING * * *
You feel very sick.
Maggie hits you with a +3 broad axe of venom!
You die...

## #.####### #######
#.......# .......
##......# .......
#.......# .......
#....>..# .......
........# ####.......
#.......####..@@.....#
####...#.......#....##
##.......#### ..##
##...#### ## ##..###
###...# ####.....##
#.........#
..........##


You could see Maggie (mesmerising).

Vanquished Creatures
  An ice beast (D:6)
  3 black bears (D:5)
  A centaur (D:5)
  A scorpion (D:4)
  A gnoll bouda (D:5)
  A jelly (D:4)
  2 sleepcaps (D:5)
  2 iguanas (D:4)
  An orc wizard (D:6)
  Robin (D:2)
  5 adders
  4 gnolls (D:5)
  An ufetubus (D:3)
  A worm (D:3)
  2 dart slugs (D:2)
  8 orcs
  3 ball pythons
  2 bats
  3 endoplasms
  2 giant cockroaches
  14 goblins
  12 hobgoblins
  4 jackals (D:1)
  5 kobolds
  2 quokkas
  11 frilled lizards (D:1)
  6 rats
99 creatures vanquished.

Notes
Turn   | Place    | Note
-------+----------+-------------------------------------------
     0 | D:1      | Cheops the Minotaur Fighter began the quest for the Orb.
     0 | D:1      | Reached XP level 1. HP: 19/19 MP: 0/0
    94 | D:1      | Reached skill level 3 in Maces & Flails
   105 | D:1      | Reached XP level 2. HP: 24/26 MP: 1/1
   363 | D:1      | Reached skill level 4 in Maces & Flails
   684 | D:2      | Found a faded altar of an unknown god.
   761 | D:2      | Reached XP level 3. HP: 28/31 MP: 2/2
  1161 | D:2      | Noticed Robin
  1189 | D:2      | Reached skill level 5 in Maces & Flails
  1356 | D:2      | Killed Robin
  1357 | D:2      | Reached XP level 4. HP: 25/39 MP: 3/3
  1949 | D:3      | Found Dugainem's Book Boutique.
  2081 | D:3      | Found an iron altar of Okawaru.
  2123 | D:3      | Found a radiant altar of Vehumet.
  2669 | D:4      | Reached skill level 6 in Maces & Flails
  2812 | D:4      | Reached XP level 5. HP: 45/45 MP: 4/4
  2867 | D:4      | Reached skill level 7 in Maces & Flails
  3083 | D:4      | Found an ornate altar of the Wu Jian Council.
  3211 | D:5      | Entered Level 5 of the Dungeon
  3313 | D:5      | Noticed a black bear
  3322 | D:5      | Killed a black bear
  3323 | D:5      | Reached skill level 8 in Maces & Flails
  3323 | D:5      | Reached XP level 6. HP: 43/51 MP: 2/5
  3453 | D:5      | Reached skill level 9 in Maces & Flails
  3460 | D:5      | Found a basalt altar of Yredelemnul.
  3473 | D:5      | Reached XP level 7. HP: 51/57 MP: 6/6
  3664 | D:5      | Found a staircase to the Ecumenical Temple.
  3773 | D:5      | Reached skill level 10 in Maces & Flails
  3814 | D:5      | Found a white marble altar of Elyvilon.
  4151 | Temple   | Entered the Ecumenical Temple
  4448 | D:6      | Noticed Maggie
  4457 | D:6      | Slain by Maggie

Illustrated notes

Levels and vault maps discovered:
D:1:      mushboom_english_gardens, layout_loops_ring, serial_glass,
          glass_columns_c, glass_columns_b, minmay_lizard_king
D:2:      layout_basic, nicolae_ecumenical_oubliette, supply_closet_lemuel,
          hangedman_feature_mirror, lemuel_flame_loot_1, uniq_robin
D:3:      layout_basic, mainiacjoe_overflow_catwalk,
          lemuel_coloured_pillars_altar, serial_shops,
          nicolae_shop_competitors_out_of_business
D:4:      layout_gridville, nicolae_wu_jian_wuxing_cycle
D:5:      corexii_shack_village, layout_loops_ring,
          mainiacjoe_overflow_24_doors, mainiacjoe_overflow_small_starburst,
          minmay_temple_entry_statues_fountains
D:6:      lemuel_ratsnest, layout_cave_pods, uniq_maggie
Temple:   corrupted_temple

Skill      XL: |  1  2  3  4  5  6  7 |
---------------+----------------------+-----
Maces & Flails | 3 4 5 6 8 9 10 | 10.9
Fighting       | |  3.6
Armour         | |  3.6
Shields        | |  3.6

Action                     |  1- 3 |  4- 6 |  7- 9 || total
---------------------------+-------+-------+-------++-------
  Melee: Flail             |    98 |    84 |    79 ||   261
         Headbutt          |    11 |    21 |    15 ||    47
    Use: Scroll            |       |     5 |       ||     5
 Armour: Scale mail        |    14 |       |       ||    14
         Ring mail         |    34 |    31 |    30 ||    95
  Dodge: Dodged            |    59 |    39 |    32 ||   130
  Block: Buckler           |    28 |    22 |    11 ||    61
